[Event "Monday 02 April Rapid Engine Tour 12+1 Rounds 9 Starts 1600ST"]
[Site "Infinity Chess"]
[Date "2018.4.2"]
[Round "9"]
[White "angriff"]
[Black "marudam"]
[Result "1/2-1/2"]
[ECO "C53"]
[WhiteElo "2399"]
[BlackElo "2441"]
[WhiteEngine "DracoREX 3.07 64BIT POPCNT_CTG"]
[BlackEngine "stockfish_CTG"]
[EventType "Swiss"]
[WhiteTeam ""]
[BlackTeam ""]
[PlyCount "103"]
[TimeControl "720+1"]

1. e4 e5 2. Nf3 Nc6 3. Bc4 Bc5 4. c3 Nf6 5. d3 d6 6. O-O O-O 7. Bg5 h6 8. Bh4 a6 
9. a4 g5 10. Bg3 Ba7 11. b4 g4 12. Bh4 Kg7 13. Na3 gxf3 14. Qxf3 Rg8 15. Nc2 Be6 
16. Bd5 Bxd5 17. exd5 Nb8 18. Ne3 h5 19. Nf5+ Kf8 20. h3 Nbd7 21. Rae1 Qe8 
22. c4 a5 23. bxa5 Qd8 24. Rb1 Qc8 25. Kh1 Rg6 26. Qd1 Nc5 27. Ng3 Kg8 
28. Qd2 Ne8 29. f4 Ng7 30. f5 Rxg3 31. Bxg3 Nxf5 32. Qg5+ Ng7 33. Qf6 Qf8 
34. Bh4 Ne8 35. Qf2 Ng7 36. d4 Ne4 37. Qe1 f5 38. g4 hxg4 39. hxg4 Nf6 
40. gxf5 Bxd4 41. Qg3 e4 42. Rxb7 e3 43. Rxc7 e2 44. Re1 Re8 45. Qd3 Nfh5 
46. Qxd4 Qxf5 47. Qf2 Qh3+ 48. Qh2 Qf1+ 49. Qg1 Qh3+ 50. Qh2 Qf1+ 51. Qg1 Qh3+ 
52. Qh2 1/2-1/2

[Event "Monday 02 April Rapid Engine Tour 12+1 Rounds 9 Starts 1600ST"]
[Site "Infinity Chess"]
[Date "2018.4.2"]
[Round "9"]
[White "ocirema"]
[Black "Marsell"]
[Result "1/2-1/2"]
[ECO "C55"]
[WhiteElo "2431"]
[BlackElo "2455"]
[WhiteEngine "asmFishW_2018-04-01_popcnt_CTG"]
[BlackEngine "asmFishW_2018-04-02_bmi2"]
[EventType "Swiss"]
[WhiteTeam ""]
[BlackTeam ""]
[PlyCount "63"]
[TimeControl "720+1"]

1. e4 e5 2. Nf3 Nc6 3. Bc4 Nf6 4. d3 Bc5 5. c3 d6 6. O-O O-O 7. h3 a6 8. Re1 Ba7 
9. a4 h6 10. Nbd2 Re8 11. b4 Be6 12. Bxe6 Rxe6 13. Qc2 Qd7 14. Rb1 Ree8 
15. Nf1 b5 16. Ra1 d5 17. Be3 Bxe3 18. Nxe3 Rad8 19. Nxd5 Nxd5 20. exd5 Qxd5 
21. Rad1 bxa4 22. Qxa4 Re6 23. Re4 Qb5 24. Qc2 a5 25. bxa5 Qxa5 26. Nd2 Qd5 
27. Nc4 Qd7 28. Qa2 Rg6 29. Kh1 Re6 30. Kg1 Rg6 31. Kh1 Re6 32. Kg1 1/2-1/2

[Event "Monday 02 April Rapid Engine Tour 12+1 Rounds 9 Starts 1600ST"]
[Site "Infinity Chess"]
[Date "2018.4.2"]
[Round "9"]
[White "Prometheus"]
[Black "Macho"]
[Result "1/2-1/2"]
[ECO "A20"]
[WhiteElo "2442"]
[BlackElo "2464"]
[WhiteEngine "Eman 1.70-beta13 64-bit BMI2"]
[BlackEngine "Cfish 2018-04-01 64 POPC_CTG"]
[EventType "Swiss"]
[WhiteTeam ""]
[BlackTeam ""]
[PlyCount "107"]
[TimeControl "720+1"]

1. c4 e5 2. g3 Nf6 3. Bg2 c6 4. Nf3 d6 5. O-O Be7 6. Nc3 O-O 7. d3 Re8 8. e4 c5 
9. Ne1 Nc6 10. Nc2 Bg4 11. Qd2 a6 12. f4 Bd7 13. f5 Nd4 14. Qd1 Bc6 15. Rf2 b5 
16. Ne3 a5 17. cxb5 Nxb5 18. Bd2 Nd4 19. b3 Qc7 20. Rb1 Reb8 21. Nc4 Qd8 
22. Kh1 Ne8 23. a4 Bg5 24. Be1 Qd7 25. Ne2 Bd8 26. g4 Bc7 27. g5 d5 
28. Nxd4 cxd4 29. exd5 Bxd5 30. Qg4 g6 31. Bxd5 Qxd5+ 32. Qf3 Qxf3+ 33. Rxf3 Ng7 
34. fxg6 hxg6 35. Bg3 Re8 36. Rff1 Nf5 37. Rfe1 Nxg3+ 38. hxg3 e4 39. Rxe4 Rxe4 
40. dxe4 Bxg3 41. Kg1 Bf4 42. Rd1 Bxg5 43. Rxd4 Rd8 44. Rd5 Rxd5 45. exd5 Bd8 
46. Kf2 f5 47. Ke3 Kf7 48. Kd4 Kf6 49. b4 axb4 50. a5 Bxa5 51. Nxa5 f4 
52. Ke4 f3 53. Ke3 f2 54. Kxf2 1/2-1/2

[Event "Monday 02 April Rapid Engine Tour 12+1 Rounds 9 Starts 1600ST"]
[Site "Infinity Chess"]
[Date "2018.4.2"]
[Round "9"]
[White "RonWeasley"]
[Black "Eman"]
[Result "1/2-1/2"]
[ECO "D30"]
[WhiteElo "2437"]
[BlackElo "2500"]
[WhiteEngine "BrainFish 010418 WM_CTG"]
[BlackEngine "Eman 1.70-beta13 64-bit POPCNT"]
[EventType "Swiss"]
[WhiteTeam ""]
[BlackTeam ""]
[PlyCount "61"]
[TimeControl "720+1"]

1. d4 d5 2. c4 e6 3. Nf3 Nf6 4. Nc3 c6 5. Bg5 h6 6. Bxf6 Qxf6 7. e3 Nd7 
8. Be2 Qd8 9. Qc2 Be7 10. Rc1 a6 11. O-O O-O 12. a3 b6 13. Rfd1 Bb7 14. e4 Re8 
15. e5 dxc4 16. Bxc4 Qb8 17. h4 b5 18. Ba2 c5 19. d5 Nxe5 20. Nxe5 Qxe5 
21. dxe6 fxe6 22. Re1 Qh5 23. Bxe6+ Kh8 24. Bd7 Qxh4 25. Bxe8 Bxg2 26. Kxg2 Qg4+ 
27. Kf1 Qh3+ 28. Kg1 Qg4+ 29. Kf1 Qh3+ 30. Kg1 Qg4+ 31. Kf1 1/2-1/2

[Event "Monday 02 April Rapid Engine Tour 12+1 Rounds 9 Starts 1600ST"]
[Site "Infinity Chess"]
[Date "2018.4.2"]
[Round "9"]
[White "ivrdurant"]
[Black "star99"]
[Result "1/2-1/2"]
[ECO "C42"]
[WhiteElo "2459"]
[BlackElo "2413"]
[WhiteEngine "Raubfisch ME262_GTZ16d4"]
[BlackEngine "Cryptic Heroes 9.2B"]
[EventType "Swiss"]
[WhiteTeam ""]
[BlackTeam ""]
[PlyCount "92"]
[TimeControl "720+1"]

1. e4 e5 2. Nf3 Nf6 3. Nxe5 d6 4. Nf3 Nxe4 5. d4 d5 6. Bd3 Nc6 7. O-O Be7 
8. Nbd2 Nd6 9. c3 Bf5 10. Nb3 O-O 11. Re1 Bxd3 12. Qxd3 a5 13. Bf4 Ne4 
14. Qb5 a4 15. Nbd2 Nxd2 16. Bxd2 Bd6 17. Re2 Ne7 18. Rae1 Qe8 19. Qd3 Qd7 
20. h3 f6 21. h4 Rae8 22. b3 Nc8 23. c4 axb3 24. axb3 c6 25. h5 Rxe2 
26. Rxe2 Re8 27. Rxe8+ Qxe8 28. c5 Bf8 29. Qf5 Ne7 30. Qe6+ Qf7 31. Qh3 g6 
32. Qd7 Nf5 33. Qc8 Ng7 34. Bf4 Nxh5 35. Bd6 Ng7 36. Bxf8 Qxf8 37. Qxb7 Qe8 
38. b4 Nf5 39. b5 cxb5 40. Qxd5+ Kf8 41. Qb7 Nxd4 42. Nxd4 Qe1+ 43. Kh2 Qe5+ 
44. Kg1 Qe1+ 45. Kh2 Qe5+ 46. Kg1 Qe1+ 1/2-1/2

[Event "Monday 02 April Rapid Engine Tour 12+1 Rounds 9 Starts 1600ST"]
[Site "Infinity Chess"]
[Date "2018.4.2"]
[Round "9"]
[White "OlivierEvan"]
[Black "MarioDeMonti"]
[Result "1/2-1/2"]
[ECO "A06"]
[WhiteElo "2480"]
[BlackElo "2510"]
[WhiteEngine "Houdini 6"]
[BlackEngine "stockfish_x64_bmi2_2018_02_18_CTG"]
[EventType "Swiss"]
[WhiteTeam ""]
[BlackTeam ""]
[PlyCount "265"]
[TimeControl "720+1"]

1. Nf3 d5 2. b3 Nf6 3. Ba3 Bg4 4. Ne5 Bh5 5. d4 c6 6. h4 Nfd7 7. g4 Nxe5 
8. gxh5 Ned7 9. Nd2 Nf6 10. e3 Nbd7 11. Bb2 e6 12. c4 Bb4 13. a3 Bxd2+ 
14. Qxd2 Nxh5 15. O-O-O Qb6 16. Qc2 O-O 17. Bd3 Ndf6 18. Rhg1 g6 19. Kb1 Qc7 
20. f3 Rad8 21. c5 Rb8 22. Ka2 Ne8 23. Qd2 Neg7 24. Rc1 Nf5 25. Qf2 Rfd8 
26. Bc3 b6 27. Bb2 a5 28. Bc2 b5 29. Rcd1 Nfg7 30. Kb1 Rf8 31. Bd3 f5 32. Rg5 a4 
33. b4 Qf7 34. Qd2 Nf6 35. Qh2 Nfh5 36. Qd2 Rbc8 37. Rdg1 Qc7 38. Re1 Qd7 
39. Reg1 Rcd8 40. Qg2 Qe7 41. Qh2 Qf6 42. Qc7 Rc8 43. Qh2 Qf7 44. Qd2 Qe7 
45. Qc2 Qd7 46. Qd2 Rf7 47. Qf2 Qe7 48. Bc2 Qd8 49. Qd2 Qd7 50. Re1 Qe7 
51. Qd3 Re8 52. Qd2 Ref8 53. Qf2 Nf6 54. Qd2 Nd7 55. Qh2 Nf6 56. Qd2 Qd7 
57. Qh2 Nfh5 58. Qd2 Qe7 59. Qf2 Re8 60. Qd2 Qd7 61. Rd1 Nf6 62. Rdg1 Nfh5 
63. Rd1 Ref8 64. Re1 Nf6 65. Qh2 Qc8 66. Qf2 Qc7 67. Bc3 Ngh5 68. Bb2 Ng7 
69. Bc3 Nfh5 70. Bb2 Ne8 71. Bd3 Neg7 72. Bc2 Qe7 73. Qg2 Rb8 74. Qh2 Rd8 
75. Qd2 Re8 76. Qf2 Qc7 77. Bd3 Nf6 78. Qg2 Nfh5 79. Qf2 Qe7 80. Bc2 Qd8 
81. Qd2 Ref8 82. Qf2 f4 83. e4 Rd7 84. Rf1 Ng3 85. Re1 Rc7 86. Qd2 N3h5 
87. Qh2 Qf6 88. Bd3 Qf7 89. Qg2 Kh8 90. Re5 Ng3 91. Qh3 Qd7 92. Qg2 Kg8 
93. Qh2 Qd8 94. Bc2 Rcf7 95. Rd1 Kh8 96. Bd3 Kg8 97. Bc2 Qa8 98. Qh3 Qc8 
99. Qg4 Kh8 100. Qg5 Qd8 101. Qg4 Rc7 102. Re1 Rcf7 103. Rd1 Qc8 104. Qg5 Qd7 
105. Re1 Kg8 106. Qg4 Kh8 107. Qg5 Kg8 108. Qg4 N3h5 109. Rg1 Kh8 110. Qg5 Rf6 
111. Qg4 Qc8 112. Rd1 Ng3 113. Qh3 Kg8 114. Qg4 N3h5 115. Rg1 Kh8 116. Rd1 Kg8 
117. Rg1 Ng3 118. Rd1 R6f7 119. Re1 Qd7 120. Rd1 N3h5 121. Rg1 Kh8 122. Qg5 Rf6 
123. Qg4 Qd8 124. Qg5 Ng3 125. Qg4 Qc7 126. Bd3 Qb8 127. Qg5 Qd8 128. Bc2 Kg8 
129. Qg4 Kh8 130. Re1 Qc7 131. Bd3 R6f7 132. Qg5 Kg8 133. Bc1 1/2-1/2

[Event "Monday 02 April Rapid Engine Tour 12+1 Rounds 9 Starts 1600ST"]
[Site "Infinity Chess"]
[Date "2018.4.2"]
[Round "9"]
[White "SkyPilot"]
[Black "MCDermont"]
[Result "1/2-1/2"]
[ECO "C02"]
[WhiteElo "2498"]
[BlackElo "2505"]
[WhiteEngine "stockfish_x64_bmi2_2018_03_30_CTG"]
[BlackEngine "BrainFish 010418 WM_CTG"]
[EventType "Swiss"]
[WhiteTeam ""]
[BlackTeam ""]
[PlyCount "82"]
[TimeControl "720+1"]

1. e4 e6 2. d4 d5 3. e5 c5 4. c3 Nc6 5. Nf3 Qb6 6. a3 f6 7. Bd3 fxe5 
8. dxe5 Nge7 9. c4 dxc4 10. Bxc4 Nf5 11. O-O Be7 12. Nc3 O-O 13. Re1 Qd8 
14. Bd3 b6 15. Be4 Bb7 16. Be3 Na5 17. Bxb7 Nxb7 18. Qa4 Na5 19. Rad1 Qe8 
20. Qg4 Rd8 21. Rxd8 Bxd8 22. h3 Nc6 23. Qe4 h6 24. Bf4 Qd7 25. Rd1 Ncd4 
26. Nxd4 Nxd4 27. Bg3 Qf7 28. f3 Bg5 29. b4 Qf5 30. bxc5 bxc5 31. a4 a5 
32. h4 Qxe4 33. Nxe4 Ne2+ 34. Kf2 Nxg3 35. Kxg3 Bf4+ 36. Kg4 Bxe5 37. Nxc5 Rf4+ 
38. Kh5 Rf5+ 39. Kg4 Rf4+ 40. Kh5 Rf5+ 41. Kg4 Rf4+ 1/2-1/2

[Event "Monday 02 April Rapid Engine Tour 12+1 Rounds 9 Starts 1600ST"]
[Site "Infinity Chess"]
[Date "2018.4.2"]
[Round "9"]
[White "KRAKEN"]
[Black "Murx"]
[Result "1/2-1/2"]
[ECO "E20"]
[WhiteElo "2469"]
[BlackElo "2509"]
[WhiteEngine "Raubfisch X38_CTG"]
[BlackEngine "BrainFish_180329_x64_modern"]
[EventType "Swiss"]
[WhiteTeam ""]
[BlackTeam ""]
[PlyCount "162"]
[TimeControl "720+1"]

1. d4 Nf6 2. c4 e6 3. Nc3 Bb4 4. Bd2 O-O 5. a3 Bxc3 6. Bxc3 Ne4 7. Qc2 Nxc3 
8. Qxc3 b6 9. Nf3 Bb7 10. e3 a5 11. Be2 a4 12. O-O d6 13. Nd2 Nd7 14. Rad1 Qg5 
15. Bf3 Bxf3 16. Nxf3 Qa5 17. Qc2 Rab8 18. Rc1 Nf6 19. e4 Nd7 20. Rfd1 f6 
21. Rd3 e5 22. Re3 Rf7 23. Qe2 g6 24. Rd1 Re8 25. h4 h5 26. dxe5 Nxe5 
27. Qc2 Nxf3+ 28. Rxf3 Kh7 29. Re3 Qa8 30. f3 Re6 31. Rd2 Qe8 32. Ree2 Kg8 
33. Kf1 Rfe7 34. Kf2 Kf7 35. Ke1 Qc6 36. Kf1 Ke8 37. Qc3 Kd7 38. Rd5 Kc8 
39. Red2 Kb7 40. Kg1 Re5 41. Kf2 f5 42. exf5 gxf5 43. Qc2 R7e6 44. Qd3 Re7 
45. Qc2 R7e6 46. Qd3 Qd7 47. Rxe5 Rxe5 48. f4 Re4 49. Qd5+ Kb8 50. g3 Re7 
51. Qf3 Qe6 52. Kg2 Qe1 53. Rf2 Qe4 54. Qxe4 Rxe4 55. g4 hxg4 56. h5 Re3 
57. Rf1 Kb7 58. h6 Re7 59. Kg3 Rh7 60. Rh1 Kc8 61. Rh5 Kd7 62. Rxf5 Rxh6 
63. Rf7+ Kc6 64. f5 Rh1 65. Kxg4 Rh2 66. f6 Rxb2 67. Re7 Rf2 68. Kg5 d5 
69. cxd5+ Kd6 70. Kg6 b5 71. Kg7 b4 72. axb4 a3 73. Kg6 a2 74. Re1 Kxd5 
75. f7 c6 76. Rc1 Ke5 77. Kg7 Rg2+ 78. Kh8 Rf2 79. Kg7 Rg2+ 80. Kh8 Rh2+ 
81. Kg7 Rg2+ 1/2-1/2

[Event "Monday 02 April Rapid Engine Tour 12+1 Rounds 9 Starts 1600ST"]
[Site "Infinity Chess"]
[Date "2018.4.2"]
[Round "9"]
[White "xeonrocks"]
[Black "Brtroy"]
[Result "1/2-1/2"]
[ECO "C50"]
[WhiteElo "2553"]
[BlackElo "2503"]
[WhiteEngine "Stockfish_x64_bmi2_CTG"]
[BlackEngine "Stockfish_18040103_x64_bmi2_CTG"]
[EventType "Swiss"]
[WhiteTeam ""]
[BlackTeam ""]
[PlyCount "132"]
[TimeControl "720+1"]

1. e4 e5 2. Nf3 Nc6 3. Bc4 Bc5 4. d3 Nf6 5. O-O a5 6. c3 d6 7. Re1 O-O 
8. Nbd2 Be6 9. Bb5 h6 10. h3 Qb8 11. Re2 Qa7 12. Nf1 a4 13. Ng3 Qa5 
14. Bxc6 bxc6 15. Nh4 Rfe8 16. Re1 d5 17. exd5 cxd5 18. Rxe5 Bf8 19. Re3 c5 
20. Nf3 Bd6 21. d4 Qb6 22. Ne5 Qb5 23. Qd3 Qb7 24. Qc2 Rec8 25. dxc5 Bxc5 
26. Rf3 Ne4 27. Nd3 Bb6 28. Bd2 d4 29. Nxe4 Qxe4 30. Nb4 Qxc2 31. Nxc2 Rab8 
32. Nb4 Rb7 33. a3 Rd7 34. Nc2 Ba5 35. Nb4 Bb6 36. Nc2 Ba5 37. Rc1 Rc4 
38. Re1 Rc8 39. Nb4 Bb6 40. Rf1 Kh7 41. Nd3 Bd5 42. Rf4 Re8 43. Re1 Rxe1+ 
44. Nxe1 g6 45. Rf6 Be6 46. Rf3 f5 47. h4 Bd5 48. Rh3 Be4 49. cxd4 Bxd4 
50. Bc3 Bc5 51. Ba5 Rd1 52. b3 Bxa3 53. bxa4 Be7 54. Bc3 f4 55. a5 Bf5 
56. Rf3 g5 57. hxg5 hxg5 58. a6 Bc5 59. g4 Bxg4 60. Rd3 Bb6 61. Kg2 Rxd3 
62. Nxd3 Be2 63. Nxf4 gxf4 64. Bd2 Bxa6 65. Bxf4 Bb7+ 66. Kg3 Be4 1/2-1/2

[Event "Monday 02 April Rapid Engine Tour 12+1 Rounds 9 Starts 1600ST"]
[Site "Infinity Chess"]
[Date "2018.4.2"]
[Round "8"]
[White "fati64"]
[Black "Vimtiroba"]
[Result "1/2-1/2"]
[ECO "C50"]
[WhiteElo "2445"]
[BlackElo "2427"]
[WhiteEngine "S_XPrO .64"]
[BlackEngine "SF9 ''A1a''_CTG"]
[EventType "Swiss"]
[WhiteTeam ""]
[BlackTeam ""]
[PlyCount "88"]
[TimeControl "720+1"]

1. e4 e5 2. Nf3 Nc6 3. Bc4 Bc5 4. O-O d6 5. c3 Nf6 6. d3 a5 7. Re1 Ba7 
8. Nbd2 O-O 9. h3 Be6 10. Bb5 Ne7 11. d4 Ng6 12. Ba4 Nh5 13. Nf1 c6 14. Bc2 Nhf4 
15. Ng3 f6 16. Be3 d5 17. exd5 Bxd5 18. Nf5 exd4 19. Bxf4 Nxf4 20. N3xd4 Kh8 
21. Qg4 g5 22. g3 h5 23. Qd1 Nxh3+ 24. Kh2 g4 25. f4 Re8 26. Qd3 Nf2 27. Qf1 Ne4 
28. Rad1 Bxd4 29. Rxd4 Nc5 30. c4 Rxe1 31. Qxe1 Qe8 32. Qd2 Be6 33. Nd6 Qf8 
34. Bg6 f5 35. Qc3 Qf6 36. Nxb7 Nxb7 37. Rd8+ Kg7 38. Qxf6+ Kxf6 39. Rxa8 Kxg6 
40. Ra6 Bd7 41. Ra7 Bc8 42. Ra6 Bd7 43. Ra7 Bc8 44. Ra6 Bd7 1/2-1/2

[Event "Monday 02 April Rapid Engine Tour 12+1 Rounds 9 Starts 1600ST"]
[Site "Infinity Chess"]
[Date "2018.4.2"]
[Round "8"]
[White "IronMan"]
[Black "CrapCleaner"]
[Result "1/2-1/2"]
[ECO "A06"]
[WhiteElo "2468"]
[BlackElo "2408"]
[WhiteEngine "Eman 1.70-beta13 64-bit BMI2"]
[BlackEngine "Raubfisch ME262_GTZ16e2_CTG"]
[EventType "Swiss"]
[WhiteTeam ""]
[BlackTeam ""]
[PlyCount "34"]
[TimeControl "720+1"]

1. Nf3 d5 2. d4 Nf6 3. e3 c5 4. c4 cxd4 5. exd4 g6 6. cxd5 Nxd5 7. Qb3 Bg7 
8. Bc4 e6 9. Bg5 Qb6 10. Nc3 h6 11. Bd2 Ne7 12. Qxb6 axb6 13. Nb5 O-O 
14. Nc7 Ra7 15. Nb5 Ra8 16. Nc7 Ra7 17. Nb5 Ra8 1/2-1/2

[Event "Monday 02 April Rapid Engine Tour 12+1 Rounds 9 Starts 1600ST"]
[Site "Infinity Chess"]
[Date "2018.4.2"]
[Round "8"]
[White "Dovahkiin"]
[Black "KhalidOmar"]
[Result "1/2-1/2"]
[ECO "C55"]
[WhiteElo "2375"]
[BlackElo "2433"]
[WhiteEngine "BrainFish_180329_x64_modern_CTG"]
[BlackEngine "Eman 1.70-beta13 64-bit BMI2"]
[EventType "Swiss"]
[WhiteTeam ""]
[BlackTeam ""]
[PlyCount "117"]
[TimeControl "720+1"]

1. e4 e5 2. Nf3 Nc6 3. Bc4 Nf6 4. d3 Bc5 5. a4 a5 6. c3 O-O 7. O-O d6 8. Bg5 h6 
9. Bh4 g5 10. Bg3 Ba7 11. Nbd2 Kg7 12. Re1 Nh7 13. h3 h5 14. d4 g4 15. Nh4 exd4 
16. Rc1 gxh3 17. Ndf3 Ng5 18. Qd2 Nxf3+ 19. Nxf3 Bg4 20. Bh4 f6 21. Nxd4 Ne5 
22. Ne6+ Bxe6 23. Bxe6 Qe8 24. Bxh3 Ng6 25. Bg3 Qxa4 26. Qe2 Ne5 27. c4 Qe8 
28. Bf5 Bd4 29. Red1 c5 30. Bf4 Rh8 31. Be3 Nc6 32. Rd3 a4 33. Rcd1 h4 
34. Qg4+ Kf8 35. Bd7 Ne5 36. Bxe8 Nxg4 37. Bxd4 Kxe8 38. Bc3 a3 39. bxa3 Rxa3 
40. Rxd6 Kf7 41. R6d3 Rha8 42. f3 Ne5 43. Bxe5 Rxd3 44. Rxd3 fxe5 45. Rd7+ Ke6 
46. Rxb7 Ra4 47. Rh7 Rxc4 48. Rxh4 Rc1+ 49. Kf2 Rc2+ 50. Ke3 Rxg2 51. Rh6+ Kf7 
52. Kd3 c4+ 53. Kxc4 Rg3 54. Kd5 Ke7 55. Kxe5 Rxf3 56. Rh7+ Kf8 57. Ke6 Ra3 
58. Kf5 Ra1 59. e5 1/2-1/2

[Event "Monday 02 April Rapid Engine Tour 12+1 Rounds 9 Starts 1600ST"]
[Site "Infinity Chess"]
[Date "2018.4.2"]
[Round "8"]
[White "Thinker"]
[Black "MGR"]
[Result "1/2-1/2"]
[ECO "C50"]
[WhiteElo "2456"]
[BlackElo "2452"]
[WhiteEngine "BrainFish_180329_x64_modern_CTG"]
[BlackEngine "asmFishW_2018-02-19_bmi2"]
[EventType "Swiss"]
[WhiteTeam ""]
[BlackTeam ""]
[PlyCount "172"]
[TimeControl "720+1"]

1. e4 e5 2. Nf3 Nc6 3. Bc4 Bc5 4. d3 Nf6 5. c3 d6 6. O-O O-O 7. Bg5 a5 8. a4 h6 
9. Bh4 g5 10. Bg3 Ba7 11. Na3 Ne7 12. Re1 Nh5 13. Nc2 Nf4 14. d4 Neg6 
15. dxe5 Nxe5 16. Nxe5 dxe5 17. Ne3 Bxe3 18. fxe3 Ng6 19. b4 Qe7 20. Qc2 Kg7 
21. Reb1 h5 22. Rf1 h4 23. Be1 h3 24. g3 Be6 25. Be2 f6 26. bxa5 c5 27. c4 Nh8 
28. Rb1 Nf7 29. Bc3 Nd6 30. Rfd1 Ra6 31. Be1 Qc7 32. Rb2 Rf7 33. Rb3 Qc6 
34. Rb5 Qc7 35. Rb2 g4 36. Rd5 Kh6 37. Rd1 Kg5 38. Rbb1 Re7 39. Rd5 Bxd5 
40. cxd5 Ra8 41. Rb6 Rd8 42. Bd2 Ree8 43. Bd3 c4 44. Bb4 Qh7 45. Bxd6 cxd3 
46. Qxd3 Rd7 47. Qc4 Kh5 48. Kf2 Red8 49. Bc5 Rc8 50. d6 Kg5 51. Ke1 Qf7 
52. Qxf7 Rxf7 53. Rb5 f5 54. Bb6 Rc2 55. Bd8+ Kh6 56. Be7 f4 57. exf4 exf4 
58. gxf4 g3 59. Rb3 Rxf4 60. Rxg3 Rxe4+ 61. Kd1 Rxh2 62. Bg5+ Kh5 63. Rd3 Rg4 
64. Bd2 Rh1+ 65. Kc2 Rc4+ 66. Bc3 h2 67. Rh3+ Kg4 68. Rh8 Rc5 69. d7 Rd5 
70. d8=Q Rxd8 71. Rxd8 Rc1+ 72. Kxc1 h1=Q+ 73. Kb2 Qg2+ 74. Kb3 Kf5 75. Rf8+ Ke6 
76. Rd8 Qc6 77. Rd1 Qf3 78. Rd8 Ke7 79. Rd4 Qc6 80. Rd2 Qf3 81. Kb2 Qe4 
82. Rd4 Qe2+ 83. Kb3 Ke8 84. Rd2 Qe6+ 85. Kb2 Qe4 86. Rd4 Qg2+ 1/2-1/2

[Event "Monday 02 April Rapid Engine Tour 12+1 Rounds 9 Starts 1600ST"]
[Site "Infinity Chess"]
[Date "2018.4.2"]
[Round "8"]
[White "beka"]
[Black "Mr Aj"]
[Result "1/2-1/2"]
[ECO "E20"]
[WhiteElo "2385"]
[BlackElo "2437"]
[WhiteEngine "stockfish_18032408_32bit"]
[BlackEngine "Houdini 6"]
[EventType "Swiss"]
[WhiteTeam ""]
[BlackTeam ""]
[PlyCount "142"]
[TimeControl "720+1"]

1. d4 Nf6 2. c4 e6 3. Nc3 d5 4. cxd5 exd5 5. Bg5 c6 6. e3 h6 7. Bh4 Be7 
8. Qc2 O-O 9. Bd3 Re8 10. Nge2 b6 11. O-O a5 12. f3 b5 13. Bf2 Na6 14. a3 Bd7 
15. e4 dxe4 16. fxe4 Ng4 17. e5 c5 18. Rad1 cxd4 19. Nxd4 Nxe5 20. Bxb5 Bxb5 
21. Ndxb5 Qc8 22. h3 Rb8 23. Rd5 Bf8 24. Kh1 Nc4 25. Bd4 Nc7 26. Rdf5 Ne6 
27. Bg1 Rb7 28. Ne4 Nd6 29. Qxc8 Nxc8 30. R1f2 Ne7 31. Nbd6 Nxf5 32. Nxe8 Ne3 
33. N8d6 Rc7 34. Re2 Nf1 35. Bf2 Nf4 36. Re1 Nd2 37. Rd1 Nxe4 38. Nxe4 Ne6 
39. Be1 Rc2 40. Bc3 f5 41. Nd6 g6 42. Nc4 Bg7 43. Ne5 g5 44. Rd5 Nf4 
45. Rxa5 Ne2 46. a4 f4 47. Ra8+ Kh7 48. Ra7 Nxc3 49. bxc3 Rxc3 50. Kg1 Rc5 
51. Nd3 Rd5 52. Nb4 Rd2 53. Nc6 h5 54. Kf1 g4 55. hxg4 hxg4 56. Rf7 Rd6 
57. Ne7 Rd7 58. Kf2 Ra7 59. a5 Rxa5 60. Rxf4 Ra2+ 61. Kf1 g3 62. Nc6 Kh6 
63. Rf3 Ra6 64. Ne7 Be5 65. Nf5+ Kh7 66. Ne3 Ra1+ 67. Ke2 Ra3 68. Kf1 Bd4 
69. Rxg3 Bxe3 70. Ke2 Bc1 71. Rxa3 Bxa3 1/2-1/2

[Event "Monday 02 April Rapid Engine Tour 12+1 Rounds 9 Starts 1600ST"]
[Site "Infinity Chess"]
[Date "2018.4.2"]
[Round "8"]
[White "CoffeeOne"]
[Black "ocirema"]
[Result "1/2-1/2"]
[ECO "D30"]
[WhiteElo "2468"]
[BlackElo "2429"]
[WhiteEngine "Houdini 6"]
[BlackEngine "stockfish_18040103_x64_modern_CTG"]
[EventType "Swiss"]
[WhiteTeam ""]
[BlackTeam ""]
[PlyCount "110"]
[TimeControl "720+1"]

1. d4 d5 2. c4 e6 3. Nf3 Nf6 4. Nc3 c6 5. Bg5 h6 6. Bxf6 Qxf6 7. e3 Nd7 
8. Be2 Qd8 9. O-O Be7 10. Qd2 O-O 11. Rac1 b6 12. cxd5 exd5 13. e4 dxe4 
14. Nxe4 Nf6 15. Nxf6+ Bxf6 16. Rxc6 Bb7 17. Rc3 Rc8 18. Rd1 Qd5 19. Ra3 a5 
20. Rb3 Qc6 21. Ne1 Qd6 22. Rc3 Qe6 23. Rxc8 Rxc8 24. b3 Bg5 25. Qd3 Re8 
26. Bf1 Bf6 27. h3 Rd8 28. Qe3 Bd5 29. Bb5 Qd6 30. Qe2 Qa3 31. g3 g6 
32. Bc4 Bxc4 33. Qxc4 Qxa2 34. Kg2 Qa3 35. Nf3 Qd6 36. d5 Qc5 37. Qxc5 bxc5 
38. d6 Bd4 39. Nxd4 Rxd6 40. Ra1 cxd4 41. Rxa5 d3 42. Ra1 d2 43. Rd1 g5 
44. Kf3 Rd3+ 45. Ke4 Rc3 46. Rxd2 Rxb3 47. f3 Kg7 48. Rd6 Rb4+ 49. Kf5 Rb5+ 
50. Ke4 f5+ 51. Kd4 Rb3 52. Rd7+ Kf6 53. Rd6+ Kg7 54. Rd7+ Kf6 55. Rd6+ Kg7 
1/2-1/2

[Event "Monday 02 April Rapid Engine Tour 12+1 Rounds 9 Starts 1600ST"]
[Site "Infinity Chess"]
[Date "2018.4.2"]
[Round "8"]
[White "angriff"]
[Black "RonWeasley"]
[Result "1/2-1/2"]
[ECO "C11"]
[WhiteElo "2397"]
[BlackElo "2439"]
[WhiteEngine "DracoREX 3.07 64BIT POPCNT_CTG"]
[BlackEngine "BrainFish 010418 WM_CTG"]
[EventType "Swiss"]
[WhiteTeam ""]
[BlackTeam ""]
[PlyCount "41"]
[TimeControl "720+1"]

1. e4 e6 2. d4 d5 3. Nc3 Nf6 4. e5 Nfd7 5. f4 c5 6. Nf3 Nc6 7. Be3 cxd4 
8. Nxd4 Qb6 9. Qd2 Qxb2 10. Rb1 Qa3 11. Bb5 Nxd4 12. Bxd4 a6 13. Bxd7+ Bxd7 
14. Rb3 Qe7 15. Rxb7 Rc8 16. h3 Qh4+ 17. Bf2 Qd8 18. Bb6 Qh4+ 19. Bf2 Qd8 
20. Bb6 Qh4+ 21. Bf2 1/2-1/2

[Event "Monday 02 April Rapid Engine Tour 12+1 Rounds 9 Starts 1600ST"]
[Site "Infinity Chess"]
[Date "2018.4.2"]
[Round "8"]
[White "marudam"]
[Black "hafaba"]
[Result "1/2-1/2"]
[ECO "C58"]
[WhiteElo "2442"]
[BlackElo "2414"]
[WhiteEngine "stockfish_CTG"]
[BlackEngine "Eman 1.70-beta13 64-bit POPCNT"]
[EventType "Swiss"]
[WhiteTeam ""]
[BlackTeam ""]
[PlyCount "112"]
[TimeControl "720+1"]

1. e4 e5 2. Nf3 Nc6 3. Bc4 Nf6 4. Ng5 d5 5. exd5 Na5 6. Bb5+ c6 7. dxc6 bxc6 
8. Bd3 Nd5 9. h4 Be7 10. Qf3 f5 11. Bxf5 Rf8 12. Qh5+ g6 13. Bxg6+ hxg6 
14. Qxg6+ Kd7 15. d3 Kc7 16. Bd2 Kb7 17. Qe4 Rb8 18. Qa4 Qb6 19. O-O Qxb2 
20. Nc3 Nxc3 21. Qxa5 Ne2+ 22. Kh2 Ka8 23. Rfb1 Qa3 24. Rxb8+ Kxb8 25. Rb1+ Bb7 
26. Qxa3 Bxa3 27. Ne6 Rg8 28. Bg5 Ka8 29. c4 Bd6 30. c5 Bb8 31. Nd8 e4+ 
32. g3 Ba6 33. dxe4 Nd4 34. Kh3 Bc7 35. Nf7 Ne6 36. Be3 Bd3 37. Re1 Bxe4 
38. h5 Bf5+ 39. Kh2 Kb8 40. h6 Rf8 41. Nd6 Bxd6 42. cxd6 Kc8 43. Rg1 Bg4 
44. Rc1 Kd7 45. Rc4 Be2 46. Rh4 c5 47. g4 c4 48. f4 Nxf4 49. Bxf4 Rxf4 
50. h7 Rf8 51. h8=Q Rxh8 52. Rxh8 c3 53. Rh3 c2 54. Rc3 Bxg4 55. Rxc2 Kxd6 
56. Rg2 Be6 1/2-1/2

[Event "Monday 02 April Rapid Engine Tour 12+1 Rounds 9 Starts 1600ST"]
[Site "Infinity Chess"]
[Date "2018.4.2"]
[Round "8"]
[White "Marsell"]
[Black "Prometheus"]
[Result "1/2-1/2"]
[ECO "B12"]
[WhiteElo "2456"]
[BlackElo "2441"]
[WhiteEngine "asmFishW_2018-04-02_bmi2"]
[BlackEngine "Eman 1.70-beta13 64-bit BMI2"]
[EventType "Swiss"]
[WhiteTeam ""]
[BlackTeam ""]
[PlyCount "98"]
[TimeControl "720+1"]

1. e4 c6 2. d4 d5 3. e5 c5 4. Nf3 cxd4 5. Nxd4 Nc6 6. c4 e6 7. Nc3 Bc5 
8. Nxc6 bxc6 9. cxd5 cxd5 10. b4 Be7 11. a3 a5 12. bxa5 Bd7 13. Nb5 Nh6 
14. Bd3 O-O 15. Bd2 Qb8 16. Qe2 Bxb5 17. Bxb5 Nf5 18. O-O Nd4 19. Qd3 Qxb5 
20. Qxd4 Bd8 21. Rfb1 Qe2 22. Rb2 Bc7 23. Bc3 Qa6 24. a4 Rfc8 25. Rb5 Bd8 
26. Bd2 Rc4 27. Qd3 Qc6 28. h3 Bc7 29. f4 h6 30. Kh2 Rc2 31. Ra3 d4 32. a6 Rxa6 
33. Qxd4 Rc4 34. Qa1 g6 35. Rc3 Rxc3 36. Qxc3 Qxc3 37. Bxc3 Rxa4 38. Bb4 g5 
39. fxg5 hxg5 40. Be7 g4 41. Bf6 Rf4 42. g3 Rc4 43. hxg4 Rxg4 44. Rc5 Bb6 
45. Rc8+ Kh7 46. Rb8 Be3 47. Rh8+ Kg6 48. Kh3 Rb4 49. g4 Rb2 1/2-1/2